 Dungeon Crawl Stone Soup version 0.30.0-7-g0c4daa9e05 (webtiles) character file.

Game seed: 9156527050778673293

14574 Atelerd the Covert (level 12, -4/57 HPs)
             Began as an Octopode Earth Elementalist on May 13, 2023.
             Was a Follower of Sif Muna.
             Killed from afar by a raiju (17 damage)
             ... with a living lightning
             ... on level 2 of the Abyss.
             The game lasted 00:30:30 (17071 turns).

Atelerd the Covert (Octopode Earth Elementalist)   Turns: 17071, Time: 00:30:30

Health: -4/57      AC:  3    Str: 12    XL:     12   Next: 17%
Magic:  11/27      EV: 20    Int: 21    God:    Sif Muna [*.....]
Gold:   819        SH:  5    Dex: 11    Spells: 25/34 levels left

rFire   x x x        q - +9 short sword (vamp)
rCold   x x x        (no shield)
rNeg    . . .        l - +2 hat
rPois   +            I - amulet of reflection
rElec   .            e - ring of see invisible
rCorr   .            s - ring of wizardry
SInv    +            u - +5 ring of evasion
Will    .....        D - ring of poison resistance
Stlth   ++++++       (no ring)
HPRegen 0.00/turn    (no ring)
MPRegen 0.20/turn    (no ring)
                     (no ring)

%: random rage (9%), reflection, wizardry (x1)
@: sick, hasted, unable to read, very quick
A: almost no armour, amphibious, 8 rings, camouflage 1, gelatinous body 1,
(nimble swimmer 1), tentacles, strong 1, [berserk 2], [frail 2], [screaming 2],
[cold vulnerability 3], [heat vulnerability 3], [inability to read after injury
2]
a: Renounce Religion, Channel Magic


You were on level 2 of the Abyss.
You worshipped Sif Muna.
Sif Muna was aware of your devotion.
You visited 3 branches of the dungeon, and saw 13 of its levels.
You visited the Abyss 1 time.
You also visited: Ossuary, Bailey and Volcano.

You collected 1012 gold pieces.
You spent 193 gold pieces at shops.

Inventory:

Hand Weapons
 q - a +9 vampiric short sword (weapon)
Missiles
 y - 4 throwing nets
Armour
 l - a +2 hat (worn)
 K - a +0 buckler
Jewellery
 e - a ring of see invisible (left tentacle)
 s - a ring of wizardry (right tentacle)
 u - a +5 ring of evasion (on tentacle)
 D - a ring of poison resistance (on tentacle)
 I - an amulet of reflection (around mantle)
Wands
 r - a wand of iceblast (8)
 w - a wand of flame (28)
Scrolls
 c - a scroll of brand weapon
 d - 2 scrolls of poison
 g - 2 scrolls of vulnerability
 h - 4 scrolls of teleportation
 k - a scroll of identify
 p - 2 scrolls of torment
 t - 2 scrolls of immolation
 v - 4 scrolls of enchant armour
 z - a scroll of enchant weapon
 A - 2 scrolls of fog
 H - 2 scrolls of blinking
 J - 2 scrolls of silence {unknown}
 L - 2 scrolls of fear {unknown}
 M - a scroll of amnesia {unknown}
Potions
 a - a potion of magic
 b - a potion of brilliance {unknown}
 f - 2 potions of curing
 j - 2 potions of attraction {unknown}
 m - 3 potions of haste
 n - 3 potions of resistance {unknown}
 o - a potion of degeneration {unknown}
 x - 2 potions of mutation
 B - 2 potions of might
 C - 2 potions of invisibility {unknown}
 F - a potion of lignification {unknown}
 G - a potion of flight {unknown}
Miscellaneous
 E - a phial of floods


   Skills:
 - Level 3.0 Fighting
 - Level 3.0 Short Blades
 - Level 8.0 Dodging
 - Level 12.0 Stealth
 - Level 2.0 Shields
 - Level 0.4 Unarmed Combat
 + Level 11.6 Spellcasting
 - Level 2.0 Summonings
 - Level 3.0 Transmutations
 - Level 1.0 Ice Magic
 - Level 7.0 Earth Magic
 * Level 4.1 Invocations


You had 25 spell levels left.
You knew the following spells:

 Your Spells              Type           Power      Damage    Failure   Level
a - Sandblast             Erth           82%        2d17      1%          1
b - Summon Ice Beast      Ice/Summ       18%        N/A       12%         4
p - Petrify               Tmut/Erth      33%        N/A       2%          4

Your spell library contained the following spells:

 Spells                   Type           Power      Damage    Failure   Level
 Passwall                 Tmut/Erth      27%        N/A       1%          2
 Stone Arrow              Conj/Erth      52%        3d10      1%          3
 Call Canine Familiar     Summ           20%        N/A       3%          3
 Frozen Ramparts          Ice            32%        1d5       4%          3
 Ozocubu's Armour         Ice            16%        N/A       4%          3
 Leda's Liquefaction      Hex/Erth       13%        N/A       5%          4
 Portal Projectile        Hex/Tloc       24%        N/A       7%          3
 Tukima's Dance           Hex            12%        N/A       7%          3
 Ice Form                 Ice/Tmut       20%        N/A       10%         4
 Passage of Golubria      Tloc           12%        N/A       22%         4
 Yara's Violent Unravell  Hex/Tmut       9%         3d6       32%         5
 Metabolic Englaciation   Hex/Ice        7%         N/A       43%         5
 Simulacrum               Ice/Necr       7%         N/A       93%         6
 Conjure Ball Lightning   Conj/Air       6%         3x3d6     96%         6
 Discord                  Hex            6%         N/A       100%        8
 Disjunction              Tloc           6%         N/A       100%        8
 Lehudib's Crystal Spear  Conj/Erth      13%        10d4      100%        8
 Animate Armour           Summ/Erth      Unusable   N/A       N/A         4

Dungeon Overview and Level Annotations

Branches:
Dungeon (11/15)            Temple (1/1) D:6            Lair (1/5) D:10
    Orc (0/2) D:10        Ossuary (visited)          Bailey (visited)
Volcano (visited)

Altars:
Ashenzari
Cheibriados
Dithmenos
Elyvilon
Fedhas
Gozag
Hepliaklqana
Kikubaaqudgha
Makhleb
Nemelex Xobeh
Okawaru
Qazlal
Ru
Sif Muna
Trog
Uskayaw
Vehumet
Wu Jian
Xom
Yredelemnul
Zin
The Shining One

Shops:
D:8 (   D:10 *

Annotations:
D:1 exclusion: downstairs
D:3 exclusion: downstairs
D:9 exclusion: downstairs
D:10 3 runed translucent doors


Innate Abilities, Weirdness & Mutations

You cannot wear most types of armour.
You are amphibious.
You can wear up to eight rings at the same time.
Your skin changes colour to match your surroundings (Stealth+).
Your rubbery body absorbs attacks. (AC +1, EV +1)
((You are camouflaged when in or above water. (Stealth+)))
You have tentacles for arms and can constrict up to eight enemies at once.
Your muscles are strong. (Str +4, Int/Dex -1)
[You have an uncontrollable temper.]
[You are very frail. (-20% HP)]
[You frequently scream uncontrollably at your foes.]
[You are extremely vulnerable to cold. (rC---)]
[You are extremely vulnerable to heat. (rF---)]
[You sometimes lose the ability to read scrolls when taking damage.]


Message History

The thrashing horror roars!
You hear a roar! x2; You hear a bark!
You hear a loud, deep croak! x2
A thrashing horror comes into view.
The ancient zyme hits you! You block the ancient zyme's attack.
You feel ill.
The smoke demon hits you. x2; The smoke demon misses you.
You scream at the thrashing horror!
A thrashing horror comes into view.
You hear a bark! x2
The smoke demon gestures at you. The ball of steam hits you!
The steam scalds you terribly!
The thrashing horror attacks as you move away!
You block the thrashing horror's attack.
The thrashing horror tramples you.
* * * LOW HITPOINT WARNING * * *
The thrashing horror attacks as you move away!
The thrashing horror barely misses you.
You block the thrashing horror's attack.
The thrashing horror closely misses you.
The thrashing horror misses you.
You feel much better. The thrashing horror tramples you.
You stumble backwards!
A raiju comes into view.
A raiju comes into view.
The thrashing horror completely misses you.
The thrashing horror tramples you.
* * * LOW HITPOINT WARNING * * *
You stumble backwards!
You cannot read scrolls in your current state!
Okay, then.
Okay, then.
It was a potion of mutation.
You feel extremely strange.
You feel clever.
You feel less resistant to poisons.
You feel clever.
You feel stronger. The thrashing horror misses you.
The thrashing horror tramples you.
* * * LOW HITPOINT WARNING * * *
You hold your ground!
The raiju misses you.
The raiju bursts into living lightning!
The living lightning hits the thrashing horror.
The thrashing horror completely resists.
The living lightning hits you!
You die...

#..## # #... #
#. ... #... . .
#..#
#...#.#X##...
#..#.##.#...#
#.##..#.#..#
#..#.. ...#
####.....3##h##
#.†.##..#...X@#
###.####..x#X##
###
#.....X.....#
#.###...#..###
## h.#..###..
.....## ..#
..#.##h# .# .
.# ..# . #. ..


You could see an ancient zyme, 3 thrashing horrors, a smoke demon and 3 raiju.

Vanquished Creatures
  2 two-headed ogres
  A cyclops (Volcano)
  A salamander (Volcano)
  Maggie (D:6)
  An unseen horror zombie (D:8)
  2 komodo dragons (D:10)
  A troll (D:10)
  Prince Ribbit (D:7)
  3 raiju (Abyss:2)
  A vampire (D:10)
  A wraith (D:10)
  3 wyverns
  24 yaks
  Grum (Bailey)
  A basilisk (D:10)
  2 steam dragons
  Menkaure (D:6)
  2 water moccasins (Lair:1)
  2 hell hounds (Lair:1)
  3 orc warriors
  An ice beast (D:7)
  A black bear (D:5)
  A sky beast (D:5)
  10 wolves
  3 centaurs
  2 phantoms
  A kobold brigand (D:9)
  8 gnoll sergeants (Bailey)
  2 scorpions
  3 necrophages (D:8)
  12 wights
  3 killer bees (D:9)
  2 howler monkeys (D:10)
  An electric eel (D:7)
  A jelly (D:7)
  6 centaur zombies
  2 hounds (Bailey)
  5 human zombies
  5 orc priests
  A sleepcap (D:8)
  8 gnoll boudas
  Jessica (D:2)
  10 orc wizards
  An iguana (D:5)
  A hound zombie (Ossuary)
  3 mummies (Ossuary)
  2 howler monkey zombies (D:8)
  24 gnolls
  7 adders
  2 shadow imps
  A white imp (D:6)
  An ufetubus (D:6)
  5 adder zombies (Ossuary)
  3 worms
  A dart slug (D:2)
  30 orcs
  9 bats
  8 endoplasms
  6 giant cockroaches
  A gnoll zombie (Ossuary)
  13 goblins
  9 hobgoblins
  3 jackals
  12 kobolds
  3 quokkas
  5 ball pythons
  3 frilled lizards
  6 goblin zombies (Ossuary)
  3 hobgoblin zombies (Ossuary)
  5 jackal zombies
  4 kobold zombies (Ossuary)
  An orc zombie (D:5)
  A quokka zombie (Ossuary)
  9 rats
  2 rat zombies (Ossuary)
327 creatures vanquished.

Vanquished Creatures (collateral kills)
  A gargoyle (Volcano)
1 creature vanquished.

Grand Total: 328 creatures vanquished

Notes
Turn   | Place    | Note
-------+----------+-------------------------------------------
     0 | D:1      | Atelerd the Octopode Earth Elementalist began the quest for
                  | the Orb.
     0 | D:1      | Reached XP level 1. HP: 11/11 MP: 3/3
   189 | D:1      | Reached XP level 2. HP: 13/17 MP: 0/5
   630 | D:1      | Reached skill level 3 in Stealth
   647 | D:1      | Reached XP level 3. HP: 16/21 MP: 4/6
  1406 | D:2      | Noticed Jessica
  1415 | D:2      | Killed Jessica
  1416 | D:2      | Reached XP level 4. HP: 5/27 MP: 4/7
  1809 | D:2      | Found a faded altar of an unknown god.
  1947 | D:2      | Reached XP level 5. HP: 12/31 MP: 1/9
  2317 | D:2      | Reached skill level 4 in Stealth
  2552 | D:3      | Found a shadowy altar of Dithmenos.
  3054 | D:3      | Identified the +9 plate armour of Wolo {rPois rC+ SInv}
  3267 | D:3      | Learned a level 4 spell: Petrify
  3347 | D:4      | Reached XP level 6. HP: 24/36 MP: 10/10
  3495 | D:4      | Found a glowing silver altar of Zin.
  3764 | D:5      | Entered Level 5 of the Dungeon
  3925 | D:5      | Reached skill level 1 in Short Blades
  3928 | D:5      | Reached skill level 1 in Fighting
  3941 | D:5      | Found a sand-covered staircase.
  3988 | Ossuary  | Entered an ossuary
  4109 | Ossuary  | Reached skill level 5 in Stealth
  4368 | Ossuary  | Reached XP level 7. HP: 43/43 MP: 7/12
  4998 | D:5      | Reached skill level 6 in Stealth
  5121 | D:5      | Reached skill level 5 in Earth Magic
  5220 | D:5      | Reached XP level 8. HP: 46/48 MP: 7/14
  5323 | D:5      | Found a stormy altar of Qazlal.
  5565 | D:5      | Found a burning altar of Makhleb.
  5565 | D:5      | Noticed a blizzard demon
  5568 | D:5      | Noticed a ynoxinul
  5957 | D:6      | Found a staircase to the Ecumenical Temple.
  6011 | Temple   | Entered the Ecumenical Temple
  6252 | D:6      | Reached skill level 5 in Dodging
  6252 | D:6      | Reached skill level 7 in Stealth
  6363 | D:6      | Noticed Menkaure
  6399 | D:6      | Killed Menkaure
  6400 | D:6      | Reached skill level 5 in Spellcasting
  6954 | D:6      | Noticed Maggie
  6968 | D:6      | Killed Maggie
  6969 | D:6      | Reached XP level 9. HP: 53/53 MP: 13/18
  7024 | D:6      | Found a snail-covered altar of Cheibriados.
  7611 | D:7      | Noticed Prince Ribbit
  7652 | D:7      | Killed Prince Ribbit
  8947 | D:7      | Reached XP level 10. HP: 58/58 MP: 23/23
  9294 | D:8      | Noticed a gargoyle
  9329 | D:8      | Found a hide-covered altar of Uskayaw.
  9396 | D:8      | Found a flagged portal.
  9405 | Bailey   | Entered a bailey
 10655 | Bailey   | Noticed Grum
 10673 | Bailey   | Reached skill level 8 in Stealth
 10850 | Bailey   | Killed Grum
 11843 | D:8      | Reached skill level 10 in Spellcasting
 11857 | D:8      | Found a basalt altar of Yredelemnul.
 11924 | D:8      | Found Lurhu's Weapon Boutique.
 11932 | D:8      | Reached skill level 9 in Stealth
 11991 | D:8      | Reached XP level 11. HP: 67/67 MP: 25/25
 12071 | D:8      | Found a shimmering blue altar of Sif Muna.
 12103 | D:8      | Became a worshipper of Sif Muna the Loreminder
 12213 | D:8      | Found a bloodstained altar of Trog.
 12742 | D:9      | Reached skill level 10 in Stealth
 12833 | D:9      | Reached skill level 1 in Invocations
 13225 | D:9      | Noticed a two-headed ogre
 13239 | D:9      | Killed a two-headed ogre
 13636 | D:9      | Reached * piety under Sif Muna
 13742 | D:10     | Entered Level 10 of the Dungeon
 14011 | D:10     | Noticed a two-headed ogre
 14307 | D:10     | Found Reme Hoff's Assorted Antiques.
 14402 | D:10     | Found a radiant altar of Vehumet.
 14561 | D:10     | Reached skill level 1 in Shields
 14565 | D:10     | Reached skill level 11 in Stealth
 14766 | D:10     | Found a staircase to the Orcish Mines.
 14850 | D:10     | Identified the +0 long sword of the Turnip {freeze, Str+3}
 14997 | D:10     | Killed a two-headed ogre
 15161 | D:10     | Found a sparkling altar of Nemelex Xobeh.
 15186 | D:10     | Found a runed translucent gate.
 15186 | D:10     | Found a runed translucent gate.
 15186 | D:10     | Found a runed translucent gate.
 15186 | D:10     | Noticed a purple ugly thing
 15187 | D:10     | Noticed a purple ugly thing
 15187 | D:10     | Noticed a purple ugly thing
 15187 | D:10     | Noticed a cyan ugly thing
 15187 | D:10     | Noticed a cyan ugly thing
 15188 | D:10     | Noticed a purple ugly thing
 15188 | D:10     | Noticed a glowing orange brain
 15383 | D:10     | Bought a scroll labelled GEUTTITU FIEW for 28 gold pieces
 15383 | D:10     | Bought a scroll labelled BYTECE AMUTIMN for 28 gold pieces
 15383 | D:10     | Bought a bubbling coppery potion for 25 gold pieces
 15383 | D:10     | Bought a scroll of identify for 56 gold pieces
 15383 | D:10     | Bought a scroll of identify for 56 gold pieces
 15614 | D:10     | Reached skill level 12 in Stealth
 15779 | D:10     | Learned a level 4 spell: Summon Ice Beast
 15794 | D:10     | Found a staircase to the Lair.
 15981 | Lair:1   | Entered Level 1 of the Lair of Beasts
 16053 | Lair:1   | Reached skill level 1 in Summonings
 16053 | Lair:1   | Reached skill level 1 in Ice Magic
 16250 | Lair:1   | Found a dark tunnel.
 16259 | Lair:1   | Reached XP level 12. HP: 48/72 MP: 15/27
 16260 | Lair:1   | Reached ** piety under Sif Muna
 16319 | Volcano  | Entered a volcano
 16639 | Abyss:2  | Cast into level 2 of the Abyss (a wizard)
 16665 | Abyss:2  | Noticed a wretched star
 16679 | Abyss:2  | Noticed a wretched star
 16722 | Abyss:2  | Noticed a starcursed mass
 16732 | Abyss:2  | Noticed a wretched star
 16732 | Abyss:2  | Paralysed by accursed screaming for 1 turns
 16747 | Abyss:2  | Noticed a cacodemon
 16759 | Abyss:2  | Gained mutation: You are dopey. (Int -2) [a cacodemon]
 16768 | Abyss:2  | Gained mutation: Your system is resistant to poisons.
                  | (rPois) [a cacodemon]
 16771 | Abyss:2  | Gained mutation: You are very dopey. (Int -4) [a cacodemon]
 16839 | Abyss:2  | Noticed a bone dragon
 16846 | Abyss:2  | Noticed a wretched star
 16911 | Abyss:2  | Noticed a wretched star
 16976 | Abyss:2  | Noticed a thrashing horror
 17065 | Abyss:2  | Noticed a thrashing horror
 17066 | Abyss:2  | Noticed a thrashing horror
 17071 | Abyss:2  | Lost mutation: You are very dopey. (Int -4) [potion of
                  | mutation]
 17071 | Abyss:2  | Lost mutation: Your system is resistant to poisons. (rPois)
                  | [potion of mutation]
 17071 | Abyss:2  | Lost mutation: You are dopey. (Int -2) [potion of mutation]
 17071 | Abyss:2  | Gained mutation: Your muscles are strong. (Str +4, Int/Dex
                  | -1) [potion of mutation]
 17071 | Abyss:2  | Killed from afar by a raiju

Illustrated notes

Levels and vault maps discovered:
D:1:      dpeg_arrival_erosion, layout_loops_corners, amethyst_killhole,
          minmay_box_of_dots
D:2:      layout_loops_ring, ebering_ecumenical_altar_mist,
          serial_bayou_crossing, uniq_jessica
D:3:      layout_rooms, mainiacjoe_overflow_small_starburst
D:4:      layout_rooms, zin_academy, serial_glass, glass_columns_a,
          glass_columns_b
D:5:      layout_rooms, nicolae_qazlal_beasts_of_the_sky,
          makhleb_altar_promises_db, enter_ossuary_3,
          chequers_serial_rivers_micro_e
D:6:      layout_basic, kennysheep_little_box, minmay_temple_entry_tees,
          dk_noncrumbling_4, uniq_maggie, uniq_menkaure
D:7:      layout_gridville, palyth_stone_intersect, minmay_misc_feat_five,
          kennysheep_diamond, uniq_prince_ribbit1
D:8:      layout_loops_corners, lightli_temple_of_fire,
          mainiacjoe_overflow_concentric_impassable,
          lemuel_mausoleum_altar_yredelemnul, lemuel_doored_altar, serial_shops,
          nicolae_shop_bloodbath_and_beyond, enter_bailey_3
D:9:      layout_long_grid
D:10:     layout_long_grid, nemelex_spade_bored_becter, vehumet_crystals,
          erik_lair_dragon, orc_0_dummy,
          ploomutoo_gammafunk_ghost_potion_laboratory, serial_shops,
          nicolae_inconvenience_store
D:11:     layout_layer_cave, uniq_harold, uniq_nergalle, uniq_erica
Temple:   jpeg_temple_clearing
Lair:1:   wad_woods_04, layout_loops_ring, enter_volcano_3
Abyss:2:  base: D:11, serial_sigils_hangedman_snap,
          spicy_abyss_unhelpful_harpoons, serial_sigils_hangedman_snap,
          hangedman_abyss_town
Volcano:  hellmonk_zot_springs

Skill      XL: |  1  2  3  4  5  6  7  8  9 10 11 12 |
---------------+-------------------------------------+-----
Stealth        | 3 4 5 6 7 9 12 | 12.0
Transmutations | 2 3 |  3.0
Dodging        | 3 4 6 7 8 |  8.0
Earth Magic    | 4 5 7 |  7.0
Spellcasting   | 3 4 6 9 10 11 | 11.6
Short Blades   | 1 3 |  3.0
Fighting       | 1 3 |  3.0
Invocations    | 3 4 |  4.1
Shields        | 2 |  2.0
Summonings     | 1 2 |  2.0
Ice Magic      | 1 |  1.0
Unarmed Combat | |  0.4

Action                     |  1- 3 |  4- 6 |  7- 9 | 10-12 || total
---------------------------+-------+-------+-------+-------++-------
  Melee: Unarmed           |     6 |       |       |       ||     6
         Constrict         |     6 |    15 |    21 |    38 ||    80
         Tentacles         |     3 |     7 |    40 |    61 ||   111
         Dagger            |    22 |    10 |       |       ||    32
         Short sword       |       |    39 |   132 |   249 ||   420
         Punch             |       |     1 |     4 |    12 ||    17
   Cast: Sandblast         |    31 |   121 |    89 |   227 ||   468
         Petrify           |       |     2 |    35 |   130 ||   167
         Summon Ice Beast  |       |       |       |     6 ||     6
 Invoke: Channel Magic     |       |       |       |     1 ||     1
  Evoke: Wand              |       |       |       |     3 ||     3
    Use: Scroll            |       |     9 |     3 |    13 ||    25
         Potion            |       |       |     2 |     9 ||    11
   Stab: Sleeping          |     5 |     3 |     2 |    21 ||    31
         Petrified         |       |       |    33 |    98 ||   131
         Petrifying        |       |       |     1 |     8 ||     9
 Armour: Skin              |     5 |    15 |    21 |    26 ||    67
  Dodge: Dodged            |    19 |    78 |   134 |   375 ||   606
  Block: Other             |       |       |       |    42 ||    42
         Reflection        |       |       |       |     3 ||     3
